 Dungeon Crawl Stone Soup version 0.29-a0-822-ga620ab95ad (webtiles) character file.

Game seed: 15346350614002499257

87 27snakeeyes612 the Trooper (level 4, -2/38 HPs)
             Began as a Barachi Fighter on July 8, 2022.
             Slain by an ice beast (13 damage)
             ... on level 4 of the Dungeon.
             The game lasted 00:08:10 (3871 turns).

27snakeeyes612 the Trooper (Barachi Fighter)        Turns: 3871, Time: 00:08:10

Health: -2/38      AC:  8    Str: 20    XL:     4   Next: 51%
Magic:  4/4        EV:  9    Int:  8    God:
Gold:   299        SH:  4    Dex: 11    Spells: 3/3 levels left

rFire   . . .      SeeInvis .   a - +0 war axe
rCold   . . .      Faith    .   c - +0 buckler
rNeg    . . .      Spirit   .   b - +0 scale mail
rPois   .          Reflect  .   (no helmet)
rElec   .          Harm     .   o - +0 cloak
rCorr   +          Rampage  .   (no gloves)
Will    .....                   (no boots)
Stlth   ..........              (no amulet)
HPRegen 0.12/turn               f - ring of resist corrosion
MPRegen 0.09/turn               (no ring)

@: unable to hop, slow
A: amphibious, slowness 1, strong legs 1, +LOS
a: Hop


You were on level 4 of the Dungeon.
You visited 1 branch of the dungeon, and saw 5 of its levels.

You collected 299 gold pieces.

Inventory:

Hand Weapons
 a - a +0 war axe (weapon)
Missiles
 l - 3 poisoned darts
Armour
 b - a +0 scale mail (worn)
 c - a +0 buckler (worn)
 m - a +0 kite shield
 o - a +0 cloak (worn)
Jewellery
 f - a ring of resist corrosion (left hand)
 t - an amulet of regeneration
Wands
 i - a wand of paralysis (6)
 s - a wand of mindburst (9)
Scrolls
 h - a scroll of amnesia
 n - 4 scrolls of identify
Potions
 d - 3 potions of might
 e - 2 potions of resistance
 g - a potion of lignification
 j - a potion of cancellation {unknown}
 k - 2 potions of curing
 p - 2 potions of mutation {unknown}


   Skills:
 + Level 4.4 Fighting
 + Level 3.1 Axes
 + Level 4.4 Armour
 + Level 4.0 Shields


You had 3 spell levels left.
You didn't know any spells.
Your spell library contained the following spells:

 Spells                   Type           Power      Damage    Failure   Level
 Slow                     Hex            0%         N/A       83%         1
 Confusing Touch          Hex            0%         N/A       99%         3
 Vampiric Draining        Necr           0%         2d6       99%         3


Dungeon Overview and Level Annotations

Branches:
Dungeon (5/15)
 Temple: D:4-7

Altars:
Zin

Annotations:
D:5 Eustachio


Innate Abilities, Weirdness & Mutations

You are amphibious.
You cover ground slowly.
You can hop short distances.
You have an extended range of vision and can be seen from far away.


Message History

The ufetubus disappears in a puff of smoke!
The rat twitches its whiskers.
The rat barely misses you. The rat misses you.
The rat attacks as you move away!
The rat bites you but does no damage. x2
There is a stone staircase leading down here.
Eustachio closely misses you. The rat bites you but does no damage.
The rat bites you.
You climb downwards.
The rat disappears in a puff of smoke! x2
Found a potion of resistance and 13 gold pieces.
Found a stone staircase leading up.
There is a stone staircase leading up here.
Eustachio hits you but does no damage. Eustachio barely misses you.
Eustachio casts a spell.
Eustachio casts a spell.
Eustachio screams, "At last I'll have my revenge!"
Eustachio mumbles some strange words.
Eustachio blinks!
There is a stone staircase leading up here.
Eustachio casts a spell.
Eustachio blinks!
The ice beast hits you but does no damage.
You climb upwards.
There is a stone staircase leading down here.
You hit the ice beast.
The ice beast is lightly wounded.
The ice beast barely misses you.
You slash the ice beast!
The ice beast is heavily wounded.
The ice beast hits you but does no damage.
You barely miss the ice beast.
The ice beast is heavily wounded.
The ice beast hits you. The ice beast freezes you. The ice beast hits you.
The ice beast freezes you!
You closely miss the ice beast.
The ice beast is heavily wounded.
The ice beast hits you.
* * * LOW HITPOINT WARNING * * *
The ice beast freezes you!
You die...

....# ##.......##.........§r.##..
#######.............#######.@....
#..............# ###....
##..............# #....
#..............## ##...
#......>.......# ##..
##.............# #.r
####..........# ##. ########@.##
#. #Y.# ## #..# ##. ##..# ##..
#...# #... ##.## #.## ### ###


You could see an ice beast.

Vanquished Creatures
  A hound (D:4)
  An adder (D:3)
  A worm (D:3)
  A dart slug (D:1)
  An orc (D:4)
  3 endoplasms
  A giant cockroach (D:3)
  4 goblins
  5 hobgoblins
  3 jackals (D:3)
  2 quokkas
  6 ball pythons
  4 bats
  A frilled lizard (D:2)
  4 kobolds
  4 rats
42 creatures vanquished.

Notes
Turn   | Place    | Note
-------+----------+-------------------------------------------
     0 | D:1      | 27snakeeyes612 the Barachi Fighter began the quest for the
                  | Orb.
     0 | D:1      | Reached XP level 1. HP: 18/18 MP: 1/1
   201 | D:1      | Reached XP level 2. HP: 25/25 MP: 2/2
   902 | D:2      | Found a faded altar of an unknown god.
   918 | D:2      | Reached XP level 3. HP: 22/30 MP: 3/3
  1269 | D:2      | Found Ozami's Jewellery Shop.
  1649 | D:3      | Found a glowing silver altar of Zin.
  2436 | D:4      | Noticed Eustachio
  2481 | D:4      | Reached XP level 4. HP: 38/38 MP: 4/4
  2956 | D:4      | HP: 1/38 [white imp/puff of frost[Eustachio] (3)]
  3012 | D:4      | HP: 1/38 [rat[Eustachio] (3)]
  3860 | D:5      | Entered Level 5 of the Dungeon
  3860 | D:5      | Noticed an ice beast
  3871 | D:4      | Slain by an ice beast

Illustrated notes

Levels and vault maps discovered:
D:1:      spicycebolla_green_bress_n_ham_2, layout_loops_ring, minmay_tromino_i2
D:2:      layout_rooms, serial_shops, shop, hellmonk_ecumenical_altar_blasted
D:3:      layout_loops_ring, zin_treasury
D:4:      layout_cave_pods, uniq_eustachio
D:5:      layout_rooms, nicolae_gozag_seed_capital

Skill      XL: |  1  2  3  4 |
---------------+-------------+-----
Fighting       | 4 |  4.4
Armour         | 4 |  4.4
Axes           | 3 |  3.1
Shields        | 4 |  4.0

Action                   |  1- 3 |  4- 6 || total
-------------------------+-------+-------++-------
Melee: War axe           |   124 |    23 ||   147
 Abil: Hop               |     2 |     4 ||     6
  Use: Scroll            |     6 |     5 ||    11
       Potion            |       |     3 ||     3
Armor: Scale mail        |    76 |   105 ||   181
Dodge: Dodged            |    72 |   109 ||   181
Block: Buckler           |    38 |    40 ||    78

Table legend: (Time is in decaauts)
 A = Elapsed time spent in this place.
 B = Non-inter-level travel time spent in this place.
 C = Inter-level travel time spent in this place.
 D = Time resting spent in this place.
 E = Time spent auto-exploring this place.
 F = Levels seen in this place.
 G = Mean time per level.
                   A        B        C        D        E       F      G
               +--------+--------+--------+--------+--------+-----+--------+
         Total |   4440 |   4168 |    272 |    607 |   2853 |   5 |  888.0 |
       Dungeon |   4440 |   4168 |    272 |    607 |   2853 |   5 |  888.0 |
               +--------+--------+--------+--------+--------+-----+--------+

Top non-repeatable levels by time:
     D:3: 1926 daAuts
     D:1: 983 daAuts
     D:4: 912 daAuts
     D:2: 610 daAuts
     D:5: 7 daAuts
